Construct Infanterie Kompanie
Selects Luftwaffe Battlegroup
Selects Luftwaffe Pioneer Support
Fallschirmpioneer Squad Paradrop
Fallschirmpioneer Squad Paradrop
Selects Stuka Strafing Run
Selects Fallschirmjäger Squad Paradrop
Construct Luftwaffe Kompanie
Selects Flak 38 Anti-Air Emplacement
Construct Panzergrenadier Kompanie
Fallschirmpioneer Squad Paradrop
Construct Panzer Kompanie
Fallschirmpioneer Squad Paradrop
Selects Infantry Reserves
Pak 40 Anti-tank Gun Team
Marder III M Tank Destroyer
Fallschirmjäger Squad Paradrop
Fallschirmjäger Squad Paradrop
Fallschirmpioneer Squad Paradrop
Fallschirmjäger Squad Paradrop
Fallschirmpioneer Squad Paradrop
Nebelwerfer 42 Rocket Launcher Team